 Dungeon Crawl Stone Soup version 0.25.0-8-gfd19cd77bd (webtiles) character file.

Game seed: 6132837484744930956

360 Delamore the Cudgeler (level 6, 0/37 HPs)
             Began as a Gargoyle Fighter on June 16, 2020.
             Slain by an ice beast (9 damage)
             ... on level 5 of the Dungeon.
             The game lasted 00:02:32 (3289 turns).

Delamore the Cudgeler (Gargoyle Fighter)            Turns: 3289, Time: 00:02:32

Health: 0/37       AC: 12    Str: 21    XL:     6   Next: 65%
Magic:  6/6        EV:  7    Int:  9    God:
Gold:   150        SH:  9    Dex: 15    Spells: 5/5 levels left

rFire    . . .     SeeInvis .   a - +0 flail
rCold    . . .     Gourm    .   c - +0 kite shield
rNeg     + . .     Faith    .   b - +0 scale mail
rPois    ∞         Spirit   .   m - +0 helmet
rElec    +         Reflect  .   (no cloak)
rCorr    .         Harm     .   (no gloves)
MR       .....                  (no boots)
Stlth    ..........             (no amulet)
HPRegen  0.12/turn              (no ring)
MPRegen  0.10/turn              j - +6 ring of dexterity

@: no status effects
A: negative energy resistance 1, electricity resistance, unbreathing,
petrification resistance, rot immunity, AC +4
a: no special abilities


You were on level 5 of the Dungeon.
You were not hungry.

You visited 1 branch of the dungeon, and saw 5 of its levels.

You collected 150 gold pieces.

Inventory:

Hand Weapons
 a - a +0 flail (weapon)
Missiles
 h - 6 boomerangs of dispersal (quivered)
Armour
 b - a +0 scale mail (worn)
 c - a +0 kite shield (worn)
 m - a +0 helmet (worn)
Jewellery
 j - a +6 ring of dexterity (right hand)
Scrolls
 g - 5 scrolls of enchant weapon {unknown}
 i - 6 scrolls of teleportation {unknown}
 k - a scroll of fog {unknown}
 n - a scroll of fear {unknown}
 p - a scroll of amnesia {unknown}
 r - a scroll of enchant armour {unknown}
 s - a scroll of remove curse {unknown}
 t - 8 scrolls of identify {unknown}
Potions
 d - 3 potions of might
 e - 2 potions of lignification {unknown}
 l - a potion of flight {unknown}
 o - a potion of invisibility {unknown}
 q - 4 potions of curing {unknown}
 u - a potion of brilliance {unknown}
 v - a potion of haste {unknown}
Comestibles
 f - 11 rations


   Skills:
 - Level 3.2 Fighting
 + Level 6.9 Maces & Flails
 - Level 3.2 Armour
 - Level 3.2 Shields


You had 5 spell levels left.
You didn't know any spells.
Your spell library was empty.

Dungeon Overview and Level Annotations

Branches:
Dungeon (5/15)
 Temple: D:4-7

Altars:
Cheibriados
Dithmenos
Makhleb
The Shining One


Innate Abilities, Weirdness & Mutations

You are resistant to torment.
Your stone body is resilient. (AC +4)
You are immune to poison.
You resist negative energy. (rN+)
You are resistant to electric shocks. (rElec)
You can survive without breathing.
You are immune to petrification.
You are immune to rotting.


Message History

An ice beast is nearby!
You hit the ice beast but do no damage.
The ice beast is severely wounded.
You block the ice beast's attack.
You closely miss the ice beast.
The ice beast is severely wounded.
You block the ice beast's attack.
You hit the ice beast but do no damage.
The ice beast is severely wounded.
The ice beast closely misses you.
The ice beast hits you but does no damage.
Your shield and scale mail prevent you from hitting the ice beast.
The ice beast is severely wounded.
The ice beast closely misses you.
You hit the ice beast.
The ice beast is severely wounded.
The ice beast hits you.
* * * LOW HITPOINT WARNING * * *
The ice beast freezes you!
You die...

##.##.## #......#
#......# ##......#
#....... #......#
#......# #####
#...Y@.######...######
......................>#
###......#####....####.
#......# #....# #..>...#
#....# #....... #....#
#..%.... #....#
############....#
#.....##


You could see an ice beast.

Vanquished Creatures
  An ogre (D:5)
  Blork the orc (D:4)
  2 centaur skeletons (D:4)
  An orc wizard (D:3)
  6 adders
  2 worms
  A dart slug (D:1)
  2 leopard geckos
  4 orcs
  A ball python (D:3)
  2 giant cockroaches (D:2)
  6 goblins
  4 hobgoblins
  6 jackals
  2 quokkas
  4 bats
  2 frilled lizards
  9 kobolds
  11 rats
67 creatures vanquished.

Notes
Turn   | Place    | Note
-------+----------+-------------------------------------------
     0 | D:1      | Delamore the Gargoyle Fighter began the quest for the Orb.
     0 | D:1      | Reached XP level 1. HP: 14/14 MP: 1/1
   112 | D:1      | Reached XP level 2. HP: 19/19 MP: 2/2
   293 | D:1      | Reached skill level 3 in Maces & Flails
   803 | D:2      | Reached XP level 3. HP: 22/23 MP: 3/3
  1402 | D:3      | Reached skill level 4 in Maces & Flails
  1408 | D:3      | Reached XP level 4. HP: 20/28 MP: 4/4
  1836 | D:3      | Found a glowing golden altar of the Shining One.
  1839 | D:3      | Found a burning altar of Makhleb.
  1842 | D:3      | Found a snail-covered altar of Cheibriados.
  2135 | D:3      | Reached skill level 5 in Maces & Flails
  2135 | D:3      | Reached XP level 5. HP: 9/32 MP: 5/5
  2589 | D:4      | Noticed Blork the orc
  2596 | D:4      | Killed Blork the orc
  2596 | D:4      | Reached skill level 6 in Maces & Flails
  2596 | D:4      | Reached XP level 6. HP: 25/37 MP: 6/6
  3018 | D:5      | Entered Level 5 of the Dungeon
  3018 | D:5      | Found a shadowy altar of Dithmenos.
  3264 | D:5      | Noticed an ice beast
  3289 | D:5      | Slain by an ice beast

Illustrated notes

Levels and vault maps discovered:
D:1:      heliophobic_arrival_ceremonial_halls, layout_loops_ring
D:2:      layout_rooms, serial_curves, eino_curves_03, eino_curves_02,
          nrook_mini_vaults
D:3:      layout_basic, grunt_temple_overflow_diamond, minivault_19,
          grunt_ministairs_3
D:4:      layout_loops_cross, uniq_blork_the_orc
D:5:      layout_basic, temple_doors_ab, first_ration,
          nicolae_dithmenos_the_darkroom

Skill      XL: |  1  2  3  4  5 |
---------------+----------------+-----
Maces & Flails | 3 4 5 6 |  6.9
Fighting       | |  3.2
Armour         | |  3.2
Shields        | |  3.2

Action                   |  1- 3 |  4- 6 || total
-------------------------+-------+-------++-------
Melee: Flail             |   141 |   163 ||   304
  Eat: Chunk             |     2 |     6 ||     8
Armor: Scale mail        |    99 |    77 ||   176
Dodge: Dodged            |    50 |    57 ||   107
Block: Kite shield       |    73 |    88 ||   161
